Canadiens vs Golden Knights

Created - 28 février 2022 at 16:31

Goals
1 2 3 OT1 SO T
Canadiens 0 1 1 0 1 2
Golden Knights 0 2 0 0 2 3
Shots
1 2 3 OT1 SO T
Canadiens 8 13 13 1 5 35
Golden Knights 6 13 14 2 5 35

GoalsPenalties
1st period
No Goal
Kasperi Kapanen (MON) for Tripping (Minor) at 19:35
2nd period
1. Golden Knights , Cale Makar 20 (Blake Comeau 19, Tyler Myers 34) at 0:28 (PP)
2. Canadiens , Andrew Copp 9 (Morgan Rielly 28, Colton Sceviour 7) at 6:40
3. Golden Knights , Tyler Myers 11 (Cale Makar 42, Philipp Grubauer) at 15:46 (PP)
Jordan Martinook (VGK) for Hooking (Minor) at 8:19
Jake Muzzin (MON) for Hooking (Minor) at 8:19
Matt Roy (MON) for Hooking (Minor) at 14:32
Matt Duchene (VGK) for High sticking (Minor) at 17:07
John Carlson (MON) for Holding (Minor) at 17:07
Auston Matthews (MON) for Holding (Minor) at 19:46
3rd period
4. Canadiens , Brayden Schenn 15 (Jonathan Huberdeau 27, Morgan Rielly 29) at 12:20
Overtime #1
No Goal
Shootout
Canadiens, Auston Matthews - Shot Misses the Net
Golden Knights, Sam Bennett - Stopped by Frederik Andersen
Canadiens, Clayton Keller - Stopped by Philipp Grubauer
Golden Knights, Anthony Duclair - Stopped by Frederik Andersen
Canadiens, Jonathan Huberdeau - Goal!
Golden Knights, Jordan Martinook - Goal!
Canadiens, Kasperi Kapanen - Stopped by Philipp Grubauer
Golden Knights, Artem Anisimov - Stopped by Frederik Andersen
Canadiens, Zach Hyman - Shot Misses the Net
Golden Knights, Evgenii Dadonov - Goal!
Goalie Stats
Frederik Andersen (MON), 33 saves from 35 shots - (0,943), OTL, 13-6-4, 65:00 minutes
Philipp Grubauer (VGK), 33 saves from 35 shots - (0,943), W, 18-12-2, 65:00 minutes
3 StarsOfficial
1 - Tyler Myers (VGK)
2 - Cale Makar (VGK)
3 - Morgan Rielly (MON)
Referees : Ian Walsh and Brad Meier
Linesman : Brad Lazarowich and Tony Sericolo
Game Note
No Game Note



Team Name Goals Shots Shots Attemp Shots Blocked PIM HIT PP PK FO%
Canadiens 235711010240 / 0 (0,00%242%
Golden Knights 33579114242 / 3 (67%)058%

Canadiens
Player Name POS G A P +/- PIM HIT SHT SB MP PP MP PP SHT PK MP PK SHT FO% FOT
Adam HenriqueC/LW0001010013:140:0000:00038% 13
Andrew CoppC/LW1011004012:370:0002:00017% 12
Auston MatthewsC/LW0000213019:580:0000:00046% 24
Brandon CarloD0000011020:080:0002:0600% 0
Brayden SchennC/LW/RW1011032017:200:0000:00075% 4
Clayton KellerLW/RW0000004013:210:0000:0000% 0
Colton SceviourC0111014012:510:0002:37025% 4
Jake MuzzinD0000221219:330:0002:0000% 0
John CarlsonD0000220221:530:0000:0000% 0
Jonathan HuberdeauLW0111006017:360:0000:0000% 0
Kasperi KapanenLW/RW0000213014:260:0001:2900% 1
Matt RoyD0002232120:010:0001:2900% 0
Mitch MarnerRW0000021019:430:0000:0000% 2
Morgan RiellyD0222020222:130:0000:3700% 0
Nick CousinsC/LW/RW0001000010:140:0000:0000% 0
Radek FaksaC0000021015:040:0002:06056% 27
T.J. BrodieD0000020321:090:0002:0000% 0
Zach HymanLW/RW0000013015:300:0000:0000% 1
Golden Knights
Player Name POS G A P +/- PIM HIT SHT SB MP PP MP PP SHT PK MP PK SHT FO% FOT
Adam GaudetteC0000004011:570:0000:00040% 5
Anthony DuclairLW/RW0000046121:381:5310:0000% 0
Artem AnisimovC/LW0000002017:371:5300:00050% 4
Blake ComeauLW/RW0110021118:262:1310:0000% 2
Cale MakarD1120024128:272:0030:0000% 0
Cody EakinC000000328:280:0000:00067% 9
Evgenii DadonovLW/RW0000001020:152:1300:0000% 1
Jake WalmanD0000000217:462:0600:0000% 0
Janne KuokkanenC/LW0000002010:470:0000:000100% 1
Jordan MartinookC/LW/RW000-2202015:111:5300:00074% 19
Mark BorowieckiD000-2032118:522:0600:0000% 0
Matt DucheneC/LW0000220015:430:0000:00065% 17
Matt TennysonD0000000114:100:0000:0000% 0
Max ComtoisLW/RW000-2001012:040:0000:0000% 0
Sam BennettC/LW/RW0000044021:502:1300:00050% 30
Tanner JeannotLW000-2001112:040:0000:0000% 0
Tyler LewingtonD000-2010018:240:0000:0000% 0
Tyler MyersD1120062127:212:0020:0000% 0

Canadiens

5 vs 5 Forward
Line #Left WingCenterRight WingPHYDFOFWanted %Time %Time Play
1Zach HymanAuston MatthewsMitch Marner0233030%15:30
2Jonathan HuberdeauAdam HenriqueBrayden Schenn0322525%13:14
3Clayton KellerRadek FaksaKasperi Kapanen0322525%12:58
4Colton SceviourAndrew CoppNick Cousins1222020%10:14
5 vs 5 Defense
Line #DefenseDefensePHYDFOFWanted %Time %Time Play
1John CarlsonT.J. Brodie0233433%17:15
2Jake MuzzinBrandon Carlo0323333%17:11
3Matt RoyMorgan Rielly1223332%16:34
4John CarlsonMorgan Rielly12202%0:56
Power Play Forward
Line #Left WingCenterRight WingPHYDFOFWanted %Time %Time Play
1Jonathan HuberdeauAuston MatthewsMitch Marner014500%0:00
2Zach HymanAdam HenriqueClayton Keller014500%0:00
Power Play Defense
Line #DefenseDefensePHYDFOFWanted %Time %Time Play
1John CarlsonMorgan Rielly014500%0:00
2Jake MuzzinBrayden Schenn014500%0:00
Penalty Kill 4 Players Forward
Line #CenterWingPHYDFOFWanted %Time %Time Play
1Radek FaksaKasperi Kapanen0415051%2:06
2Colton SceviourAndrew Copp0415049%2:00
Penalty Kill 4 Players Defense
Line #DefenseDefensePHYDFOFWanted %Time %Time Play
1Jake MuzzinT.J. Brodie0415049%2:00
2Brandon CarloMatt Roy0415051%2:06
Penalty Kill 3 Players
Line #WingPHYDFOFWanted %Time %Time PlayDefenseDefensePHYDFOFWanted %Time %Time Play
1Radek Faksa050500%0:00 Jake MuzzinBrandon Carlo050500%0:00
2Andrew Copp050500%0:00 Morgan RiellyT.J. Brodie050500%0:00
4 vs 4 Forward
Line #CenterWingPHYDFOFWanted %Time %Time Play
1Auston MatthewsMitch Marner0235048%1:54
2Brayden SchennJonathan Huberdeau0235052%2:04
4 vs 4 Defense
Line #DefensePHYDFOFWanted %Time %Time Play
1John CarlsonT.J. Brodie0325069%50% - 2:45
2Matt RoyMorgan Rielly0325031%50% - 1:13
Last Minutes Offensive
Left WingCenterRight WingDefenseDefense
Jonathan HuberdeauAuston MatthewsMitch MarnerJohn CarlsonMorgan Rielly
Last Minutes Defensive
Left WingCenterRight WingDefenseDefense
Andrew CoppRadek FaksaKasperi KapanenJake MuzzinBrandon Carlo
Time
Total ForwardTotal DefenseLast Minutes OffensiveLast Minutes Defensive
60:00 60:00 0:000:00
Extra Forwards
Normal PowerPlayPenalty Kill
Clayton Keller, Kasperi Kapanen, Radek FaksaAndrew Copp, Kasperi KapanenColton Sceviour
Extra Defensemen
Normal PowerPlayPenalty Kill
T.J. Brodie, Matt Roy, Brandon CarloMatt Roy, Morgan RiellyJohn Carlson
Penalty Shots
Auston Matthews, Clayton Keller, Jonathan Huberdeau, Kasperi Kapanen, Zach Hyman
Goalie
Frederik Andersen, Cam Talbot
Custom OT Lines Forwards
Auston Matthews, Mitch Marner, Jonathan Huberdeau, Brayden Schenn, Andrew Copp, Clayton Keller, Zach Hyman, Radek Faksa, Kasperi Kapanen, Adam Henrique
Custom OT Lines Defensemen
John Carlson, Morgan Rielly, Jake Muzzin, Brandon Carlo, Matt Roy
Scratches
Egor Korshkov (Healthy), Carson Soucy (Healthy), Joakim Nordstrom (Healthy)

Golden Knights

5 vs 5 Forward
Line #Left WingCenterRight WingPHYDFOFWanted %Time %Time Play
1Artem AnisimovMatt DucheneAnthony Duclair1223030%15:44
2Evgenii DadonovSam BennettBlake Comeau1223030%15:40
3Max ComtoisJordan MartinookTanner Jeannot1222423%12:04
4Adam GaudetteCody EakinJanne Kuokkanen1221616%8:28
5 vs 5 Defense
Line #DefenseDefensePHYDFOFWanted %Time %Time Play
1Cale MakarTyler Myers1223027%14:15
2Tyler LewingtonMark Borowiecki1223032%16:46
3Matt TennysonJake Walman1222427%14:02
4Cale MakarTyler Myers1221613%6:53
Power Play Forward
Line #Left WingCenterRight WingPHYDFOFWanted %Time %Time Play
1Artem AnisimovJordan MartinookAnthony Duclair1225046%1:53
2Evgenii DadonovSam BennettBlake Comeau1225054%2:13
Power Play Defense
Line #DefenseDefensePHYDFOFWanted %Time %Time Play
1Cale MakarTyler Myers1225049%2:00
2Jake WalmanMark Borowiecki1225051%2:06
Penalty Kill 4 Players Forward
Line #CenterWingPHYDFOFWanted %Time %Time Play
1Jordan MartinookAnthony Duclair122500%0:00
2Evgenii DadonovAdam Gaudette122500%0:00
Penalty Kill 4 Players Defense
Line #DefenseDefensePHYDFOFWanted %Time %Time Play
1Tyler MyersJake Walman122500%0:00
2Cale MakarTyler Lewington122500%0:00
Penalty Kill 3 Players
Line #WingPHYDFOFWanted %Time %Time PlayDefenseDefensePHYDFOFWanted %Time %Time Play
1Cody Eakin122500%0:00 Jake WalmanTyler Lewington122500%0:00
2Jordan Martinook122500%0:00 Cale MakarTyler Myers122500%0:00
4 vs 4 Forward
Line #CenterWingPHYDFOFWanted %Time %Time Play
1Jordan MartinookAnthony Duclair1225054%2:09
2Sam BennettEvgenii Dadonov1225046%1:49
4 vs 4 Defense
Line #DefensePHYDFOFWanted %Time %Time Play
1Cale MakarTyler Myers1225059%50% - 2:20
2Tyler LewingtonJake Walman1225041%50% - 1:38
Last Minutes Offensive
Left WingCenterRight WingDefenseDefense
Anthony DuclairMatt DucheneArtem AnisimovCale MakarTyler Myers
Last Minutes Defensive
Left WingCenterRight WingDefenseDefense
Anthony DuclairJordan MartinookCody EakinCale MakarTyler Myers
Time
Total ForwardTotal DefenseLast Minutes OffensiveLast Minutes Defensive
60:00 60:00 0:000:00
Extra Forwards
Normal PowerPlayPenalty Kill
Adam Gaudette, Max Comtois, Jordan MartinookAdam Gaudette, Max ComtoisJordan Martinook
Extra Defensemen
Normal PowerPlayPenalty Kill
Cale Makar, Tyler Myers, Jake WalmanTyler Myers, Cale MakarTyler Myers
Penalty Shots
Sam Bennett, Anthony Duclair, Jordan Martinook, Artem Anisimov, Evgenii Dadonov
Goalie
Philipp Grubauer, Jonathan Bernier
Custom OT Lines Forwards
Sam Bennett, Anthony Duclair, Adam Gaudette, Janne Kuokkanen, Evgenii Dadonov, Blake Comeau, Max Comtois, Jordan Martinook, Cody Eakin, Artem Anisimov
Custom OT Lines Defensemen
Cale Makar, Tyler Myers, Matt Tennyson, Mark Borowiecki, Jake Walman
Scratches
Mark Pysyk (Lacerated Right Calf Injury), Conor Sheary (Healthy), Jordan Szwarz (Healthy)


Play-by-Play

1st period


0:01 of 1st period - Matt Duchene wins face-off versus Zach Hyman in neutral zone.
0:40 of 1st period - Shot by Mitch Marner.
0:40 of 1st period - Shot Misses the Net.
1:22 of 1st period - Shot by Jonathan Huberdeau.
1:22 of 1st period - Stopped by Philipp Grubauer without a rebound.
1:23 of 1st period - Radek Faksa wins face-off versus Jordan Martinook in Golden Knights zone.
2:06 of 1st period - Shot by Clayton Keller.
2:06 of 1st period - Stopped by Philipp Grubauer without a rebound.
2:07 of 1st period - Cody Eakin wins face-off versus Andrew Copp in Golden Knights zone.
2:07 of 1st period - Janne Kuokkanen is hit by Colton Sceviour and loses puck.
2:24 of 1st period - Shot by Cody Eakin.
2:24 of 1st period - Stopped by Frederik Andersen without a rebound.
2:25 of 1st period - Adam Henrique wins face-off versus Sam Bennett in Canadiens zone.
2:25 of 1st period - Adam Henrique is hit by Blake Comeau.
2:33 of 1st period - Shot by Cale Makar.
2:33 of 1st period - Shot Hit the Post.
2:50 of 1st period - Adam Henrique is hit by Cale Makar and loses puck.
2:55 of 1st period - Shot by Adam Henrique.
2:55 of 1st period - Shot Misses the Net.
3:06 of 1st period - Adam Henrique is hit by Cale Makar and loses puck.
3:28 of 1st period - Matt Roy is hit by Mark Borowiecki and loses puck.
3:57 of 1st period - Colton Sceviour is hit by Tyler Lewington.
4:25 of 1st period - Shot by Max Comtois.
4:25 of 1st period - Stopped by Frederik Andersen without a rebound.
4:26 of 1st period - Radek Faksa wins face-off versus Matt Duchene in Canadiens zone.
6:12 of 1st period - Cale Makar is hit by Auston Matthews and loses puck.
6:56 of 1st period - Shot by Mark Borowiecki.
6:56 of 1st period - Shot Misses the Net.
6:58 of 1st period - Shot by Jordan Martinook.
6:58 of 1st period - Shot Misses the Net.
8:09 of 1st period - Nick Cousins is hit by Anthony Duclair and loses puck.
8:14 of 1st period - Shot by Cale Makar.
8:14 of 1st period - Stopped by Frederik Andersen without a rebound.
8:15 of 1st period - Sam Bennett wins face-off versus Kasperi Kapanen in Canadiens zone.
8:34 of 1st period - Shot by Sam Bennett.
8:34 of 1st period - Stopped by Frederik Andersen without a rebound.
8:35 of 1st period - Auston Matthews wins face-off versus Matt Duchene in Canadiens zone.
9:02 of 1st period - Shot by Matt Duchene.
9:02 of 1st period - Shot Misses the Net.
9:04 of 1st period - Shot by Anthony Duclair.
9:04 of 1st period - Shot Blocked by T.J. Brodie.
9:40 of 1st period - Shot by Clayton Keller.
9:40 of 1st period - Deflect By Kasperi Kapanen.
9:40 of 1st period - Shot Blocked by Cale Makar.
9:42 of 1st period - Shot by Brandon Carlo.
9:42 of 1st period - Stopped by Philipp Grubauer without a rebound.
9:43 of 1st period - Sam Bennett wins face-off versus Andrew Copp in Golden Knights zone.
9:45 of 1st period - Icing by Evgenii Dadonov.
9:46 of 1st period - Sam Bennett wins face-off versus Radek Faksa in Golden Knights zone.
9:59 of 1st period - Shot by Clayton Keller.
9:59 of 1st period - Stopped by Philipp Grubauer without a rebound.
10:00 of 1st period - Jordan Martinook wins face-off versus Andrew Copp in Golden Knights zone.
10:16 of 1st period - Shot by Tyler Myers.
10:16 of 1st period - Shot Misses the Net.
10:49 of 1st period - Icing by Tyler Myers.
10:50 of 1st period - Radek Faksa wins face-off versus Jordan Martinook in Golden Knights zone.
11:00 of 1st period - Off-side.
11:01 of 1st period - Sam Bennett wins face-off versus Auston Matthews in neutral zone.
12:14 of 1st period - Shot by Kasperi Kapanen.
12:14 of 1st period - Shot Misses the Net.
12:16 of 1st period - Shot by Brandon Carlo.
12:16 of 1st period - Shot Misses the Net.
12:18 of 1st period - Shot by Radek Faksa.
12:18 of 1st period - Shot Misses the Net.
12:20 of 1st period - Shot by Jake Muzzin.
12:20 of 1st period - Shot Misses the Net.
12:22 of 1st period - Shot by Jake Muzzin.
12:22 of 1st period - Shot Blocked by Anthony Duclair.
15:53 of 1st period - Off-side.
15:54 of 1st period - Cody Eakin wins face-off versus Auston Matthews in neutral zone.
16:06 of 1st period - Cody Eakin is hit by T.J. Brodie and loses puck.
16:13 of 1st period - Shot by Janne Kuokkanen.
16:13 of 1st period - Shot Misses the Net.
16:15 of 1st period - Shot by Janne Kuokkanen.
16:15 of 1st period - Stopped by Frederik Andersen without a rebound.
16:16 of 1st period - Sam Bennett wins face-off versus Radek Faksa in Canadiens zone.
16:24 of 1st period - Icing by John Carlson.
16:25 of 1st period - Radek Faksa wins face-off versus Blake Comeau in Canadiens zone.
16:29 of 1st period - Clayton Keller is hit by Blake Comeau and loses puck.
16:43 of 1st period - Shot by Evgenii Dadonov.
16:43 of 1st period - Shot Blocked by T.J. Brodie.
16:45 of 1st period - Shot by Blake Comeau.
16:45 of 1st period - Shot Misses the Net.
16:58 of 1st period - Icing by John Carlson.
16:59 of 1st period - Matt Duchene wins face-off versus Radek Faksa in Canadiens zone.
17:09 of 1st period - John Carlson is hit by Tyler Myers and loses puck.
17:35 of 1st period - Shot by Auston Matthews.
17:35 of 1st period - Shot Misses the Net.
17:37 of 1st period - Shot by Jake Muzzin.
17:37 of 1st period - Shot Misses the Net.
17:39 of 1st period - Shot by Zach Hyman.
17:39 of 1st period - Stopped by Philipp Grubauer without a rebound.
17:40 of 1st period - Andrew Copp wins face-off versus Jordan Martinook in Golden Knights zone.
17:45 of 1st period - Shot by Colton Sceviour.
17:45 of 1st period - Stopped by Philipp Grubauer without a rebound.
17:46 of 1st period - Jordan Martinook wins face-off versus Auston Matthews in Golden Knights zone.
17:51 of 1st period - Shot by Tanner Jeannot.
17:51 of 1st period - Shot Misses the Net.
18:07 of 1st period - Shot by Auston Matthews.
18:07 of 1st period - Stopped by Philipp Grubauer without a rebound.
18:08 of 1st period - Andrew Copp wins face-off versus Sam Bennett in Golden Knights zone.
18:17 of 1st period - Shot by Andrew Copp.
18:17 of 1st period - Stopped by Philipp Grubauer without a rebound.
18:18 of 1st period - Matt Duchene wins face-off versus Auston Matthews in Golden Knights zone.
18:27 of 1st period - Shot by Artem Anisimov.
18:27 of 1st period - Stopped by Frederik Andersen with a rebound.
18:29 of 1st period - Shot by Cale Makar.
18:29 of 1st period - Shot Misses the Net.
18:33 of 1st period - Shot by Anthony Duclair.
18:33 of 1st period - Shot Misses the Net.
18:40 of 1st period - Anthony Duclair is hit by Brandon Carlo and loses puck.
18:59 of 1st period - Shot by Anthony Duclair.
18:59 of 1st period - Deflect By Matt Duchene.
18:59 of 1st period - Shot Misses the Net.
19:12 of 1st period - Icing by Mark Borowiecki.
19:13 of 1st period - Radek Faksa wins face-off versus Sam Bennett in Golden Knights zone.
19:35 of 1st period - Minor Penalty to Kasperi Kapanen for Tripping.
19:36 of 1st period - Jordan Martinook wins face-off versus Colton Sceviour in Canadiens zone.
19:54 of 1st period - Icing by Mark Borowiecki.
19:55 of 1st period - Jordan Martinook wins face-off versus Radek Faksa in Golden Knights zone.
Goals for this period are 0 for Canadiens vs 0 for Golden Knights.
Shots for this period are 8 for Canadiens vs 6 for Golden Knights.

2nd period


0:01 of 2nd period - Radek Faksa wins face-off versus Sam Bennett in neutral zone.
0:28 of 2nd period - Shot by Cale Makar.
0:28 of 2nd period - Goal by Cale Makar - Canadiens : 0 - Golden Knights : 1.
0:29 of 2nd period - Jordan Martinook wins face-off versus Auston Matthews in neutral zone.
1:11 of 2nd period - Mark Borowiecki is hit by Zach Hyman and loses puck.
2:12 of 2nd period - Andrew Copp is hit by Tyler Myers and loses puck.
2:26 of 2nd period - Icing by Colton Sceviour.
2:27 of 2nd period - Cody Eakin wins face-off versus Andrew Copp in Canadiens zone.
2:40 of 2nd period - Shot by Cody Eakin.
2:40 of 2nd period - Shot Blocked by John Carlson.
2:44 of 2nd period - Shot by Cody Eakin.
2:44 of 2nd period - Stopped by Frederik Andersen with a rebound.
2:46 of 2nd period - Shot by Cody Eakin.
2:46 of 2nd period - Shot Misses the Net.
2:48 of 2nd period - Shot by Cody Eakin.
2:48 of 2nd period - Stopped by Frederik Andersen with a rebound.
2:50 of 2nd period - Shot by Cody Eakin.
2:50 of 2nd period - Shot Hit the Post.
3:07 of 2nd period - Shot by Adam Gaudette.
3:07 of 2nd period - Stopped by Frederik Andersen without a rebound.
3:08 of 2nd period - Matt Duchene wins face-off versus Radek Faksa in Canadiens zone.
3:41 of 2nd period - Shot by Artem Anisimov.
3:41 of 2nd period - Shot Blocked by Jake Muzzin.
3:44 of 2nd period - Icing by Clayton Keller.
3:45 of 2nd period - Radek Faksa wins face-off versus Sam Bennett in Canadiens zone.
3:54 of 2nd period - Shot by Evgenii Dadonov.
3:54 of 2nd period - Stopped by Frederik Andersen without a rebound.
3:55 of 2nd period - Jordan Martinook wins face-off versus Adam Henrique in Canadiens zone.
4:01 of 2nd period - Max Comtois is hit by Matt Roy and loses puck.
4:08 of 2nd period - Shot by Tanner Jeannot.
4:08 of 2nd period - Stopped by Frederik Andersen without a rebound.
4:09 of 2nd period - Matt Duchene wins face-off versus Andrew Copp in Canadiens zone.
4:09 of 2nd period - Anthony Duclair is hit by John Carlson and loses puck.
4:14 of 2nd period - Shot by Anthony Duclair.
4:14 of 2nd period - Stopped by Frederik Andersen without a rebound.
4:15 of 2nd period - Matt Duchene wins face-off versus Adam Henrique in Canadiens zone.
4:33 of 2nd period - Icing by Anthony Duclair.
4:34 of 2nd period - Matt Duchene wins face-off versus Radek Faksa in Golden Knights zone.
6:06 of 2nd period - Shot by Jonathan Huberdeau.
6:06 of 2nd period - Stopped by Philipp Grubauer without a rebound.
6:07 of 2nd period - Jordan Martinook wins face-off versus Andrew Copp in Golden Knights zone.
6:36 of 2nd period - Shot by Andrew Copp.
6:36 of 2nd period - Stopped by Philipp Grubauer with a rebound.
6:38 of 2nd period - Shot by Andrew Copp.
6:38 of 2nd period - Shot Misses the Net.
6:40 of 2nd period - Shot by Andrew Copp.
6:40 of 2nd period - Goal by Andrew Copp - Canadiens : 1 - Golden Knights : 1.
6:41 of 2nd period - Auston Matthews wins face-off versus Cody Eakin in neutral zone.
6:54 of 2nd period - Shot by Zach Hyman.
6:54 of 2nd period - Stopped by Philipp Grubauer without a rebound.
6:55 of 2nd period - Radek Faksa wins face-off versus Matt Duchene in Golden Knights zone.
7:23 of 2nd period - Shot by Kasperi Kapanen.
7:23 of 2nd period - Stopped by Philipp Grubauer without a rebound.
7:24 of 2nd period - Sam Bennett wins face-off versus Auston Matthews in Golden Knights zone.
7:30 of 2nd period - John Carlson is hit by Mark Borowiecki and loses puck.
7:49 of 2nd period - Shot by Zach Hyman.
7:49 of 2nd period - Stopped by Philipp Grubauer with a rebound.
7:51 of 2nd period - Shot by John Carlson.
7:51 of 2nd period - Shot Misses the Net.
7:53 of 2nd period - Shot by Auston Matthews.
7:53 of 2nd period - Stopped by Philipp Grubauer without a rebound.
7:54 of 2nd period - Cody Eakin wins face-off versus Adam Henrique in Golden Knights zone.
8:05 of 2nd period - Shot by Morgan Rielly.
8:05 of 2nd period - Shot Blocked by Cody Eakin.
8:09 of 2nd period - Shot by Jonathan Huberdeau.
8:09 of 2nd period - Stopped by Philipp Grubauer without a rebound.
8:10 of 2nd period - Jordan Martinook wins face-off versus Andrew Copp in Golden Knights zone.
8:19 of 2nd period - Minor Penalty to Jordan Martinook for Hooking.
8:19 of 2nd period - Minor Penalty to Jake Muzzin for Hooking.
8:20 of 2nd period - Auston Matthews wins face-off versus Sam Bennett in Canadiens zone.
9:03 of 2nd period - Shot by Evgenii Dadonov.
9:03 of 2nd period - Deflect By Sam Bennett.
9:03 of 2nd period - Shot Misses the Net.
9:09 of 2nd period - Tyler Myers is hit by Mitch Marner and loses puck.
9:36 of 2nd period - Shot by Brayden Schenn.
9:36 of 2nd period - Shot Blocked by Jake Walman.
9:41 of 2nd period - Icing by Anthony Duclair.
9:42 of 2nd period - Brayden Schenn wins face-off versus Adam Gaudette in Golden Knights zone.
10:05 of 2nd period - Off-side.
10:06 of 2nd period - Auston Matthews wins face-off versus Adam Gaudette in neutral zone.
10:06 of 2nd period - Mitch Marner is hit by Anthony Duclair and loses puck.
10:29 of 2nd period - Tanner Jeannot is hit by Kasperi Kapanen and loses puck.
10:41 of 2nd period - Clayton Keller is hit by Tyler Myers and loses puck.
10:51 of 2nd period - Off-side.
10:52 of 2nd period - Auston Matthews wins face-off versus Sam Bennett in neutral zone.
11:03 of 2nd period - Shot by Auston Matthews.
11:03 of 2nd period - Stopped by Philipp Grubauer without a rebound.
11:04 of 2nd period - Matt Duchene wins face-off versus Adam Henrique in Golden Knights zone.
11:39 of 2nd period - Shot by Anthony Duclair.
11:39 of 2nd period - Shot Misses the Net.
11:55 of 2nd period - Sam Bennett is hit by Adam Henrique and loses puck.
12:05 of 2nd period - Icing by Evgenii Dadonov.
12:06 of 2nd period - Sam Bennett wins face-off versus Auston Matthews in Golden Knights zone.
12:44 of 2nd period - Shot by Auston Matthews.
12:44 of 2nd period - Deflect By Mitch Marner.
12:44 of 2nd period - Shot Misses the Net.
13:04 of 2nd period - Shot by Andrew Copp.
13:04 of 2nd period - Shot Blocked by Matt Tennyson.
13:52 of 2nd period - Shot by Kasperi Kapanen.
13:52 of 2nd period - Shot Blocked by Cody Eakin.
13:54 of 2nd period - Shot by Kasperi Kapanen.
13:54 of 2nd period - Stopped by Philipp Grubauer without a rebound.
13:55 of 2nd period - Adam Henrique wins face-off versus Jordan Martinook in Golden Knights zone.
14:08 of 2nd period - Shot by Jonathan Huberdeau.
14:08 of 2nd period - Stopped by Philipp Grubauer without a rebound.
14:09 of 2nd period - Auston Matthews wins face-off versus Matt Duchene in Golden Knights zone.
14:18 of 2nd period - Matt Roy is hit by Anthony Duclair and loses puck.
14:25 of 2nd period - Shot by Matt Duchene.
14:25 of 2nd period - Shot Blocked by Morgan Rielly.
14:27 of 2nd period - Shot by Anthony Duclair.
14:27 of 2nd period - Shot Misses the Net.
14:32 of 2nd period - Minor Penalty to Matt Roy for Hooking.
14:33 of 2nd period - Jordan Martinook wins face-off versus Colton Sceviour in Canadiens zone.
14:38 of 2nd period - Shot by Anthony Duclair.
14:38 of 2nd period - Shot Misses the Net.
14:43 of 2nd period - Anthony Duclair is hit by Jake Muzzin and loses puck.
14:53 of 2nd period - Icing by Mark Borowiecki.
14:54 of 2nd period - Radek Faksa wins face-off versus Artem Anisimov in Golden Knights zone.
15:33 of 2nd period - Shot by Cale Makar.
15:33 of 2nd period - Stopped by Frederik Andersen without a rebound.
15:34 of 2nd period - Sam Bennett wins face-off versus Andrew Copp in Canadiens zone.
15:35 of 2nd period - Shot by Cale Makar.
15:35 of 2nd period - Stopped by Frederik Andersen without a rebound.
15:36 of 2nd period - Colton Sceviour wins face-off versus Sam Bennett in Canadiens zone.
15:36 of 2nd period - Colton Sceviour is hit by Sam Bennett.
15:46 of 2nd period - Shot by Tyler Myers.
15:46 of 2nd period - Goal by Tyler Myers - Canadiens : 1 - Golden Knights : 2.
15:47 of 2nd period - Radek Faksa wins face-off versus Cody Eakin in neutral zone.
15:50 of 2nd period - Cale Makar is hit by Radek Faksa and loses puck.
16:52 of 2nd period - Shot by Jordan Martinook.
16:52 of 2nd period - Stopped by Frederik Andersen without a rebound.
16:53 of 2nd period - Auston Matthews wins face-off versus Matt Duchene in Canadiens zone.
17:07 of 2nd period - Minor Penalty to Matt Duchene for High sticking.
17:07 of 2nd period - Minor Penalty to John Carlson for Holding.
17:08 of 2nd period - Brayden Schenn wins face-off versus Sam Bennett in Canadiens zone.
17:08 of 2nd period - Morgan Rielly is hit by Sam Bennett and loses puck.
17:29 of 2nd period - Shot by Jake Walman.
17:29 of 2nd period - Deflect By Sam Bennett.
17:29 of 2nd period - Stopped by Frederik Andersen without a rebound.
17:30 of 2nd period - Jordan Martinook wins face-off versus Auston Matthews in Canadiens zone.
18:27 of 2nd period - Shot by Brayden Schenn.
18:27 of 2nd period - Stopped by Philipp Grubauer with a rebound.
18:47 of 2nd period - Icing by Brandon Carlo.
18:48 of 2nd period - Brayden Schenn wins face-off versus Sam Bennett in Canadiens zone.
19:06 of 2nd period - Shot by Brayden Schenn.
19:06 of 2nd period - Shot Misses the Net.
19:16 of 2nd period - Shot by Adam Gaudette.
19:16 of 2nd period - Stopped by Frederik Andersen without a rebound.
19:17 of 2nd period - Cody Eakin wins face-off versus Auston Matthews in Canadiens zone.
19:17 of 2nd period - Adam Gaudette is hit by John Carlson and loses puck.
19:25 of 2nd period - Shot by Mitch Marner.
19:25 of 2nd period - Stopped by Philipp Grubauer with a rebound.
19:27 of 2nd period - Shot by T.J. Brodie.
19:27 of 2nd period - Shot Blocked by Jake Walman.
19:46 of 2nd period - Minor Penalty to Auston Matthews for Holding.
19:47 of 2nd period - Sam Bennett wins face-off versus Colton Sceviour in Canadiens zone.
Goals for this period are 1 for Canadiens vs 2 for Golden Knights.
Shots for this period are 13 for Canadiens vs 13 for Golden Knights.

3rd period


0:01 of 3rd period - Sam Bennett wins face-off versus Radek Faksa in neutral zone.
0:35 of 3rd period - Icing by Blake Comeau.
0:36 of 3rd period - Sam Bennett wins face-off versus Radek Faksa in Golden Knights zone.
0:47 of 3rd period - Shot by Tyler Myers.
0:47 of 3rd period - Shot Misses the Net.
0:49 of 3rd period - Shot by Tyler Myers.
0:49 of 3rd period - Shot Misses the Net.
0:51 of 3rd period - Shot by Cale Makar.
0:51 of 3rd period - Shot Misses the Net.
0:53 of 3rd period - Shot by Blake Comeau.
0:53 of 3rd period - Stopped by Frederik Andersen with a rebound.
1:35 of 3rd period - Shot by Anthony Duclair.
1:35 of 3rd period - Stopped by Frederik Andersen without a rebound.
1:36 of 3rd period - Sam Bennett wins face-off versus Radek Faksa in Canadiens zone.
1:36 of 3rd period - Sam Bennett is hit by T.J. Brodie.
1:38 of 3rd period - Shot by Tyler Myers.
1:38 of 3rd period - Stopped by Frederik Andersen without a rebound.
1:39 of 3rd period - Radek Faksa wins face-off versus Sam Bennett in Canadiens zone.
3:07 of 3rd period - Shot by Artem Anisimov.
3:07 of 3rd period - Shot Misses the Net.
3:50 of 3rd period - Max Comtois is hit by Jake Muzzin and loses puck.
5:06 of 3rd period - Kasperi Kapanen is hit by Sam Bennett and loses puck.
5:25 of 3rd period - Shot by Clayton Keller.
5:25 of 3rd period - Deflect By Kasperi Kapanen.
5:25 of 3rd period - Shot Blocked by Mark Borowiecki.
5:31 of 3rd period - Shot by Clayton Keller.
5:31 of 3rd period - Stopped by Philipp Grubauer without a rebound.
5:32 of 3rd period - Matt Duchene wins face-off versus Adam Henrique in Golden Knights zone.
5:32 of 3rd period - Matt Duchene is hit by Brayden Schenn.
5:40 of 3rd period - Adam Henrique is hit by Matt Duchene and loses puck.
5:53 of 3rd period - Shot by Jonathan Huberdeau.
5:53 of 3rd period - Stopped by Philipp Grubauer without a rebound.
5:54 of 3rd period - Jordan Martinook wins face-off versus Auston Matthews in Golden Knights zone.
6:05 of 3rd period - Shot by Tanner Jeannot.
6:05 of 3rd period - Shot Hit the Post.
6:23 of 3rd period - Shot by Auston Matthews.
6:23 of 3rd period - Deflect By Zach Hyman.
6:23 of 3rd period - Shot Misses the Net.
6:25 of 3rd period - Shot by Jake Muzzin.
6:25 of 3rd period - Shot Misses the Net.
6:45 of 3rd period - Matt Tennyson is hit by Brayden Schenn and loses puck.
7:06 of 3rd period - Shot by Anthony Duclair.
7:06 of 3rd period - Stopped by Frederik Andersen without a rebound.
7:07 of 3rd period - Radek Faksa wins face-off versus Cody Eakin in Canadiens zone.
7:24 of 3rd period - Shot by Janne Kuokkanen.
7:24 of 3rd period - Stopped by Frederik Andersen without a rebound.
7:25 of 3rd period - Matt Duchene wins face-off versus Andrew Copp in Canadiens zone.
7:25 of 3rd period - Mark Borowiecki is hit by Matt Roy.
7:30 of 3rd period - Anthony Duclair is hit by Morgan Rielly and loses puck.
7:33 of 3rd period - Shot by Mark Borowiecki.
7:33 of 3rd period - Stopped by Frederik Andersen with a rebound.
7:35 of 3rd period - Shot by Anthony Duclair.
7:35 of 3rd period - Stopped by Frederik Andersen with a rebound.
7:37 of 3rd period - Shot by Tyler Lewington.
7:37 of 3rd period - Shot Blocked by Matt Roy.
8:36 of 3rd period - Evgenii Dadonov is hit by Morgan Rielly and loses puck.
8:39 of 3rd period - Shot by Blake Comeau.
8:39 of 3rd period - Shot Misses the Net.
8:41 of 3rd period - Shot by Blake Comeau.
8:41 of 3rd period - Shot Misses the Net.
8:55 of 3rd period - Shot by Cale Makar.
8:55 of 3rd period - Deflect By Sam Bennett.
8:55 of 3rd period - Shot Misses the Net.
8:57 of 3rd period - Shot by Sam Bennett.
8:57 of 3rd period - Shot Misses the Net.
9:20 of 3rd period - Shot by Tanner Jeannot.
9:20 of 3rd period - Shot Blocked by Morgan Rielly.
9:22 of 3rd period - Shot by Jordan Martinook.
9:22 of 3rd period - Stopped by Frederik Andersen without a rebound.
9:23 of 3rd period - Adam Gaudette wins face-off versus Radek Faksa in Canadiens zone.
9:28 of 3rd period - Shot by Janne Kuokkanen.
9:28 of 3rd period - Shot Misses the Net.
9:30 of 3rd period - Shot by Cody Eakin.
9:30 of 3rd period - Shot Blocked by John Carlson.
9:38 of 3rd period - Shot by Mark Borowiecki.
9:38 of 3rd period - Shot Misses the Net.
9:40 of 3rd period - Shot by Adam Gaudette.
9:40 of 3rd period - Shot Misses the Net.
9:42 of 3rd period - Shot by Mark Borowiecki.
9:42 of 3rd period - Stopped by Frederik Andersen with a rebound.
9:48 of 3rd period - Shot by Adam Gaudette.
9:48 of 3rd period - Stopped by Frederik Andersen without a rebound.
9:49 of 3rd period - Adam Henrique wins face-off versus Matt Duchene in Canadiens zone.
9:49 of 3rd period - Adam Henrique is hit by Matt Duchene.
10:06 of 3rd period - Shot by Artem Anisimov.
10:06 of 3rd period - Stopped by Frederik Andersen without a rebound.
10:07 of 3rd period - Sam Bennett wins face-off versus Auston Matthews in Canadiens zone.
10:19 of 3rd period - Icing by Tyler Myers.
10:20 of 3rd period - Adam Henrique wins face-off versus Evgenii Dadonov in Golden Knights zone.
10:35 of 3rd period - Shot by Sam Bennett.
10:35 of 3rd period - Stopped by Frederik Andersen without a rebound.
10:36 of 3rd period - Artem Anisimov wins face-off versus Mitch Marner in Canadiens zone.
11:15 of 3rd period - Icing by Zach Hyman.
11:16 of 3rd period - Auston Matthews wins face-off versus Sam Bennett in Canadiens zone.
11:23 of 3rd period - Shot by Evgenii Dadonov.
11:23 of 3rd period - Shot Misses the Net.
11:49 of 3rd period - Shot by Jake Muzzin.
11:49 of 3rd period - Shot Misses the Net.
11:53 of 3rd period - Shot by Radek Faksa.
11:53 of 3rd period - Deflect By Kasperi Kapanen.
11:53 of 3rd period - Shot Misses the Net.
11:55 of 3rd period - Shot by Jake Muzzin.
11:55 of 3rd period - Deflect By Radek Faksa.
11:55 of 3rd period - Stopped by Philipp Grubauer without a rebound.
11:56 of 3rd period - Jordan Martinook wins face-off versus Adam Henrique in Golden Knights zone.
12:03 of 3rd period - Icing by Morgan Rielly.
12:04 of 3rd period - Jordan Martinook wins face-off versus Adam Henrique in Canadiens zone.
12:04 of 3rd period - Jordan Martinook is hit by Matt Roy.
12:20 of 3rd period - Shot by Brayden Schenn.
12:20 of 3rd period - Goal by Brayden Schenn - Canadiens : 2 - Golden Knights : 2.
12:21 of 3rd period - Radek Faksa wins face-off versus Artem Anisimov in neutral zone.
12:53 of 3rd period - Kasperi Kapanen is hit by Tyler Myers and loses puck.
13:17 of 3rd period - John Carlson is hit by Anthony Duclair and loses puck.
13:26 of 3rd period - Cale Makar is hit by Brayden Schenn and loses puck.
13:37 of 3rd period - Shot by Jonathan Huberdeau.
13:37 of 3rd period - Shot Blocked by Tyler Myers.
13:44 of 3rd period - Brayden Schenn is hit by Tyler Myers and loses puck.
14:15 of 3rd period - Max Comtois is hit by Mitch Marner and loses puck.
15:12 of 3rd period - Shot by Colton Sceviour.
15:12 of 3rd period - Stopped by Philipp Grubauer without a rebound.
15:13 of 3rd period - Cody Eakin wins face-off versus Radek Faksa in Golden Knights zone.
15:13 of 3rd period - Cody Eakin is hit by Radek Faksa.
15:24 of 3rd period - Icing by Kasperi Kapanen.
15:25 of 3rd period - Radek Faksa wins face-off versus Sam Bennett in Canadiens zone.
15:29 of 3rd period - Off-side.
15:30 of 3rd period - Sam Bennett wins face-off versus Adam Henrique in neutral zone.
15:33 of 3rd period - Brandon Carlo is hit by Sam Bennett and loses puck.
15:45 of 3rd period - Jonathan Huberdeau is hit by Mark Borowiecki and loses puck.
15:56 of 3rd period - Shot by Sam Bennett.
15:56 of 3rd period - Stopped by Frederik Andersen with a rebound.
16:06 of 3rd period - Shot by Adam Henrique.
16:06 of 3rd period - Shot Misses the Net.
16:08 of 3rd period - Shot by Brandon Carlo.
16:08 of 3rd period - Shot Misses the Net.
16:14 of 3rd period - Shot by Jonathan Huberdeau.
16:14 of 3rd period - Stopped by Philipp Grubauer without a rebound.
16:15 of 3rd period - Radek Faksa wins face-off versus Jordan Martinook in Golden Knights zone.
16:16 of 3rd period - Shot by Kasperi Kapanen.
16:16 of 3rd period - Deflect By Radek Faksa.
16:16 of 3rd period - Shot Blocked by Tanner Jeannot.
16:18 of 3rd period - Shot by Matt Roy.
16:18 of 3rd period - Stopped by Philipp Grubauer without a rebound.
16:19 of 3rd period - Jordan Martinook wins face-off versus Radek Faksa in Golden Knights zone.
16:30 of 3rd period - Shot by Kasperi Kapanen.
16:30 of 3rd period - Stopped by Philipp Grubauer with a rebound.
16:42 of 3rd period - Shot by Clayton Keller.
16:42 of 3rd period - Stopped by Philipp Grubauer without a rebound.
16:43 of 3rd period - Artem Anisimov wins face-off versus Mitch Marner in Golden Knights zone.
16:48 of 3rd period - Shot by Matt Duchene.
16:48 of 3rd period - Deflect By Anthony Duclair.
16:48 of 3rd period - Shot Misses the Net.
16:50 of 3rd period - Shot by Anthony Duclair.
16:50 of 3rd period - Shot Blocked by T.J. Brodie.
17:04 of 3rd period - Shot by Anthony Duclair.
17:04 of 3rd period - Stopped by Frederik Andersen with a rebound.
17:06 of 3rd period - Shot by Matt Duchene.
17:06 of 3rd period - Shot Misses the Net.
17:57 of 3rd period - Icing by Cale Makar.
17:58 of 3rd period - Adam Henrique wins face-off versus Sam Bennett in Golden Knights zone.
18:15 of 3rd period - Shot by Evgenii Dadonov.
18:15 of 3rd period - Shot Blocked by Jake Muzzin.
19:01 of 3rd period - Shot by Morgan Rielly.
19:01 of 3rd period - Shot Misses the Net.
19:25 of 3rd period - Shot by Kasperi Kapanen.
19:25 of 3rd period - Shot Misses the Net.
19:27 of 3rd period - Shot by Matt Roy.
19:27 of 3rd period - Stopped by Philipp Grubauer without a rebound.
19:28 of 3rd period - Adam Gaudette wins face-off versus Andrew Copp in Golden Knights zone.
19:35 of 3rd period - Shot by Adam Gaudette.
19:35 of 3rd period - Shot Misses the Net.
19:49 of 3rd period - Shot by Andrew Copp.
19:49 of 3rd period - Stopped by Philipp Grubauer with a rebound.
19:51 of 3rd period - Shot by Colton Sceviour.
19:51 of 3rd period - Stopped by Philipp Grubauer with a rebound.
19:53 of 3rd period - Shot by Colton Sceviour.
19:53 of 3rd period - Deflect By Andrew Copp.
19:53 of 3rd period - Shot Misses the Net.
19:55 of 3rd period - Shot by Andrew Copp.
19:55 of 3rd period - Shot Misses the Net.
19:57 of 3rd period - Shot by Colton Sceviour.
19:57 of 3rd period - Stopped by Philipp Grubauer without a rebound.
19:58 of 3rd period - Matt Duchene wins face-off versus Auston Matthews in Golden Knights zone.
Goals for this period are 1 for Canadiens vs 0 for Golden Knights.
Shots for this period are 13 for Canadiens vs 14 for Golden Knights.

Overtime #1


0:01 of 1st overtime period - Auston Matthews wins face-off versus Adam Gaudette in neutral zone.
0:16 of 1st overtime period - Shot by Jonathan Huberdeau.
0:16 of 1st overtime period - Shot Misses the Net.
0:41 of 1st overtime period - Shot by Adam Gaudette.
0:41 of 1st overtime period - Stopped by Frederik Andersen without a rebound.
0:42 of 1st overtime period - Janne Kuokkanen wins face-off versus Brayden Schenn in Canadiens zone.
1:00 of 1st overtime period - Brayden Schenn is hit by Tyler Myers and loses puck.
1:07 of 1st overtime period - Shot by Anthony Duclair.
1:07 of 1st overtime period - Stopped by Frederik Andersen without a rebound.
1:08 of 1st overtime period - Auston Matthews wins face-off versus Sam Bennett in Canadiens zone.
1:41 of 1st overtime period - Shot by Auston Matthews.
1:41 of 1st overtime period - Shot Misses the Net.
2:05 of 1st overtime period - Shot by Brayden Schenn.
2:05 of 1st overtime period - Shot Misses the Net.
2:54 of 1st overtime period - Shot by Andrew Copp.
2:54 of 1st overtime period - Deflect By Clayton Keller.
2:54 of 1st overtime period - Shot Blocked by Blake Comeau.
2:56 of 1st overtime period - Shot by Jake Muzzin.
2:56 of 1st overtime period - Stopped by Philipp Grubauer without a rebound.
2:57 of 1st overtime period - Auston Matthews wins face-off versus Blake Comeau in Golden Knights zone.
3:21 of 1st overtime period - Off-side.
3:22 of 1st overtime period - Sam Bennett wins face-off versus Auston Matthews in neutral zone.
4:21 of 1st overtime period - Shot by Janne Kuokkanen.
4:21 of 1st overtime period - Shot Misses the Net.
Goals for this period are 0 for Canadiens vs 0 for Golden Knights.
Shots for this period are 1 for Canadiens vs 2 for Golden Knights.

ShootOut


5:00 of 1st overtime period - Round #1.
5:00 of 1st overtime period - Canadiens, Auston Matthews.
5:00 of 1st overtime period - Shot Misses the Net.
5:00 of 1st overtime period - Golden Knights, Sam Bennett.
5:00 of 1st overtime period - Stopped by Frederik Andersen.
5:00 of 1st overtime period - Round #2.
5:00 of 1st overtime period - Canadiens, Clayton Keller.
5:00 of 1st overtime period - Stopped by Philipp Grubauer.
5:00 of 1st overtime period - Golden Knights, Anthony Duclair.
5:00 of 1st overtime period - Stopped by Frederik Andersen.
5:00 of 1st overtime period - Round #3.
5:00 of 1st overtime period - Canadiens, Jonathan Huberdeau.
5:00 of 1st overtime period - Goal by Jonathan Huberdeau.
5:00 of 1st overtime period - Golden Knights, Jordan Martinook.
5:00 of 1st overtime period - Goal by Jordan Martinook.
5:00 of 1st overtime period - Round #4.
5:00 of 1st overtime period - Canadiens, Kasperi Kapanen.
5:00 of 1st overtime period - Stopped by Philipp Grubauer.
5:00 of 1st overtime period - Golden Knights, Artem Anisimov.
5:00 of 1st overtime period - Stopped by Frederik Andersen.
5:00 of 1st overtime period - Round #5.
5:00 of 1st overtime period - Canadiens, Zach Hyman.
5:00 of 1st overtime period - Shot Misses the Net.
5:00 of 1st overtime period - Golden Knights, Evgenii Dadonov.
5:00 of 1st overtime period - Goal by Evgenii Dadonov.